 Dungeon Crawl Stone Soup version 0.19-a0-353-g6b7ed47 (webtiles) character file.

5222 Ordine the Transmogrifier (level 10, -3/58 HPs)
             Began as an Octopode Transmuter on May 29, 2016.
             Shot with a sling bullet by Joseph (11 damage)
             ... on level 8 of the Dungeon.
             The game lasted 00:45:20 (14387 turns).

Ordine the Transmogrifier (Octopode Transmuter)    Turns: 14387, Time: 00:45:21

Health: -3/58      AC:  2    Str: 10    XL:     10   Next: 61%
Magic:  12/18      EV: 23    Int: 19    God:
Gold:   132        SH:  0    Dex: 13    Spells: 3 memorised, 8 levels left

rFire  . . .     SeeInvis .       - Unarmed
rCold  . . .     Gourm    .     (shield currently unavailable)
rNeg   . . .     Faith    .     (helmet currently unavailable)
rPois  x         Spirit   .     (no amulet)
rElec  .         Dismiss  .     q - ring of flight
rCorr  .         Reflect  .     (no ring)
SustAt .         Harm     .     (no ring)
MR     .....                    (no ring)
Stlth  +.........               (no ring)
                                (no ring)
                                (no ring)
                                (no ring)

@: spider-form (expiring), not resistant to hostile enchantments, very
unstealthy
A: almost no armour, (amphibious), 8 rings, (constrict 8), repulsion field 1,
(molten scales 0), (camouflage 0), clumsy 2, (fire resistance 0), (gelatinous
body 0)
a: End Transformation, Evoke Flight


You were on level 8 of the Dungeon.
You were hungry.
You were a venomous arachnid creature.
You visited 2 branches of the dungeon, and saw 9 of its levels.
You also visited: Sewer and Ossuary.

You collected 423 gold pieces.

Inventory:

Hand Weapons
 j - the +9 dagger of Chilly Death {flash freeze, rPois rF- rC++ MR+}
   (You found it on level 4 of the Dungeon)

   It has been specially enchanted to freeze those struck by it, causing extra
   injury to most foes and up to half again as much damage against particularly
   susceptible opponents.
   It can also slow down cold-blooded creatures.
   It makes you vulnerable to fire.
   It greatly protects you from cold.
   It protects you from poison.
   It affects your resistance to hostile enchantments.
Armour
 o - a +2 hat (melded)
Jewellery
 q - a ring of flight (left front leg)
Wands
 i - a wand of paralysis (3/24)
Scrolls
 e - 2 scrolls of remove curse
 k - 2 scrolls of enchant armour
 l - 5 scrolls of teleportation
 n - a scroll of fog
 u - a scroll of blinking
 w - a scroll of recharging
Potions
 d - 3 potions of flight
 h - 2 potions of agility
 p - 2 potions of brilliance
 r - a potion of resistance {unknown}
 t - a potion of might
 v - 2 potions of magic {unknown}
 x - a potion of lignification
 z - a potion of ambrosia
Books
 b - a book of Changes

   Spells                             Type                      Level
   a - Beastly Appendage              Transmutation                1
   b - Sticks to Snakes               Transmutation                2
   c - Spider Form                    Transmutation/Poison         3
   d - Ice Form                       Ice/Transmutation            4
   e - Blade Hands                    Transmutation                5
Comestibles
 a - 4 beef jerkies
 c - 9 bread rations
 f - 3 meat rations
 g - 2 royal jellies
 s - 8 slices of pizza


   Skills:
 - Level 1.0 Fighting
 + Level 4.4 Dodging
 - Level 10.0 Unarmed Combat
 * Level 5.6 Spellcasting
 - Level 10.0 Transmutations


You had 8 spell levels left.
You knew the following spells:

 Your Spells              Type           Power        Failure   Level  Hunger
a - Spider Form           Tmut/Pois      ###.......   17%         3    ##.....
b - Blade Hands           Tmut           #####.....   21%         5    #####..
c - Ice Form              Ice/Tmut       ###.....     36%         4    ####...


Dungeon Overview and Level Annotations

Branches:
Dungeon (8/15)             Temple (1/1) D:4
   Lair: D:8-11

Altars:
Dithmenos
Fedhas
Kikubaaqudgha
Makhleb
Nemelex Xobeh
Okawaru
Pakellas
Qazlal
Ru
Sif Muna
Trog
Ukayaw
Vehumet
Xom
Zin

Shops:
D:8 }

Annotations:
D:8 Joseph


Innate Abilities, Weirdness & Mutations

You cannot wear most types of armour.
((You are amphibious.))
You can wear up to eight rings at the same time.
((You can use your tentacles to constrict eight enemies at once.))
((Your skin changes colour to match your surroundings (Stealth+).))
((Your rubbery body absorbs attacks. (AC +1)))
You are surrounded by a mild repulsion field. (EV +2)
((You are partially covered in molten scales. (AC +1)))
You are very clumsy. (Dex -4)
((Your flesh is heat resistant. (rF+)))


Message History

Confirm with . or Enter, or press ? or * to list all spells.
Your tentacles revert to their normal proportions.
You turn into a venomous arachnid creature.
Your +2 hat melds into your body.
Joseph hits you with a quarterstaff!
You bite Joseph!
Joseph is poisoned.
Joseph is lightly wounded.
You hit Joseph.
Joseph looks even sicker.
Joseph is lightly wounded.
Joseph hits you with a quarterstaff!
Joseph unwields an uncursed quarterstaff.
Joseph wields a hunting sling.
Joseph shoots a sling bullet.
The sling bullet hits you!
* * * LOW HITPOINT WARNING * * *
You see here a sling bullet.
Joseph drinks a potion.
Joseph is healed!
Joseph looks more healthy.
Your transformation is almost over.
Number of times to repeat, then command key: You must enter the number of times for the command to repeat.
Joseph shoots a sling bullet.
The sling bullet hits you!
You die...

#. ##z####.... # .. #.## # #.
.# #..# ### .#.#. ##.#####..
...... ##........# ......###
##...######.
........########..#.# #.
#†##....<).##.# #.
#.##s########.# #. #@##.# #.#
#. #.##.# #.# #. #.##.# #.## #.
###### #..@.# #..# ##
#....#######..### ####.######
##.....##.....## #>.........
##.......###..#######........##
##..8...##....................


You could see Joseph.

Vanquished Creatures
  2 polar bears (D:8)
  A wolf (D:7)
  Grinder (D:4)
  Prince Ribbit (D:6)
  3 yaks (D:8)
  Edmund (D:6)
  Menkaure (D:4)
  Duvessa (D:7)
  A water moccasin (D:8)
  An orc warrior (D:7)
  3 ice beasts
  3 centaurs
  The ghost of Ordine the Changer, an amateur OpTm (D:4)
  An elf zombie (Ossuary)
  Blork the orc (D:6)
  3 giant frogs
  Dowan (D:7)
  A water moccasin zombie (D:6)
  A wyvern skeleton (D:6)
  A scorpion (D:8)
  2 wights (D:8)
  2 jellies
  A howler monkey (D:4)
  2 crimson imps
  A quasit (D:8)
  2 orc priests
  3 giant frog skeletons
  Crazy Yiuf (D:5)
  3 hounds
  A centaur skeleton (D:4)
  An iron imp (D:2)
  4 orc wizards
  Terence (D:3)
  8 worker ants
  An iguana (D:5)
  A big kobold zombie (Ossuary)
  2 sheep (D:7)
  A giant frog simulacrum (D:8)
  3 hound skeletons
  2 mummies (Ossuary)
  10 gnolls
  13 adders
  A hound simulacrum (D:8)
  A shadow imp (D:7)
  3 white imps (D:8)
  3 oozes
  5 adder zombies
  6 worms
  4 dart slugs
  9 giant geckos
  19 orcs
  4 ball pythons (Sewer)
  4 giant cockroaches
  6 goblins
  12 hobgoblins
  15 jackals
  12 kobolds
  6 quokkas
  9 bats
  A giant cockroach zombie (D:5)
  A giant gecko skeleton (D:4)
  6 giant newts
  A goblin zombie (Ossuary)
  5 hobgoblin zombies (Ossuary)
  2 jackal zombies (Ossuary)
  11 kobold zombies (Ossuary)
  10 orc zombies (Ossuary)
  6 rats
  3 rat zombies (Ossuary)
  3 plants (Sewer)
262 creatures vanquished.

Vanquished Creatures (collateral kills)
  The ghost of Groucho the Jinx, a novice SpEn of Hepliaklqana (D:7)
  A human (D:7)
  A hog (D:7)
  An orc warrior (D:7)
  An ogre (D:7)
  A giant frog (D:7)
  2 wights (D:8)
  2 orc wizards (D:7)
  A sheep (D:7)
  2 adders (D:7)
  A quokka (D:7)
14 creatures vanquished.

Vanquished Creatures (others)
  A merfolk (D:8)
  A plant (D:5)
2 creatures vanquished.

Grand Total: 278 creatures vanquished

Notes
Turn   | Place    | Note
--------------------------------------------------------------
     0 | D:1      | Ordine the Octopode Transmuter began the quest for the Orb.
     0 | D:1      | Reached XP level 1. HP: 13/13 MP: 3/3
   177 | D:1      | Reached XP level 2. HP: 8/18 MP: 5/5
   740 | D:1      | Reached XP level 3. HP: 15/23 MP: 6/6
  1526 | D:2      | Learned a level 3 spell: Spider Form
  1782 | D:2      | Reached XP level 4. HP: 22/28 MP: 5/7
  2133 | D:2      | Found an iron altar of Okawaru.
  2640 | D:2      | Reached XP level 5. HP: 31/33 MP: 8/8
  2650 | D:2      | Learned a level 5 spell: Blade Hands
  3086 | D:2      | Found a burning altar of Makhleb.
  3913 | D:3      | Found a glowing silver altar of Zin.
  4249 | D:3      | Reached XP level 6. HP: 32/38 MP: 2/9
  4252 | D:3      | Reached skill level 5 in Transmutations
  4515 | D:3      | Noticed Terence
  4529 | D:3      | Killed Terence
  4676 | D:4      | Noticed Menkaure
  4701 | D:4      | Killed Menkaure
  4701 | D:4      | Reached skill level 5 in Unarmed Combat
  4701 | D:4      | Reached XP level 7. HP: 21/43 MP: 10/10
  5021 | D:4      | Found a staircase to the Ecumenical Temple.
  5036 | Temple   | Entered the Ecumenical Temple
  5250 | D:4      | Noticed Ordine's ghost (amateur OpTm)
  5590 | D:4      | Killed Ordine's ghost
  5803 | D:4      | Noticed Grinder
  5817 | D:4      | Paralysed by Grinder for 7 turns
  5840 | D:4      | Killed Grinder
  6020 | D:4      | Reached XP level 8. HP: 35/48 MP: 11/11
  6340 | D:4      | Found a deep blue altar of Sif Muna.
  6464 | D:5      | Entered Level 5 of the Dungeon
  6731 | D:5      | Noticed Crazy Yiuf
  6745 | D:5      | Killed Crazy Yiuf
  8003 | D:5      | Found a sparkling altar of Nemelex Xobeh.
  8154 | D:5      | Reached skill level 10 in Transmutations
  8242 | D:6      | Noticed Blork the orc
  8263 | D:6      | Killed Blork the orc
  8538 | D:6      | Reached XP level 9. HP: 53/53 MP: 12/12
  8589 | D:6      | Found a glowing drain.
  8609 | Sewer    | Entered a sewer
  9867 | D:6      | Found a hide-covered altar to Ukayaw.
  9891 | D:6      | Noticed Edmund
  9910 | D:6      | Killed Edmund
 10136 | D:6      | Found an iron altar of Okawaru.
 10249 | D:6      | Noticed Prince Ribbit
 10559 | D:6      | Killed Prince Ribbit
 11012 | D:6      | Found a shimmering altar of Xom.
 11391 | D:7      | Noticed Duvessa
 11391 | D:7      | Noticed Dowan
 11527 | D:7      | Found a sand-covered staircase.
 11535 | Ossuary  | Entered an ossuary
 11560 | Ossuary  | Learned a level 4 spell: Ice Form
 11784 | Ossuary  | Drew Focus: Int increased to 19, Str decreased to 9
 11788 | Ossuary  | Gained mutation: You are clumsy. (Dex -2) [helix card]
 11792 | Ossuary  | Gained mutation: You are weak. (Str -2) [helix card]
 11795 | Ossuary  | Hired Codd the merfolk for 279 gold.
 11796 | Ossuary  | Gained mutation: Your flesh is heat resistant. (rF+) [potion of mutation]
 11796 | Ossuary  | Lost mutation: You are weak. (Str -2) [potion of mutation]
 11797 | Ossuary  | Gained mutation: You are surrounded by a mild repulsion field. (EV +2) [potion of mutation]
 11797 | Ossuary  | Gained mutation: You are partially covered in molten scales. (AC +1) [potion of mutation]
 11797 | Ossuary  | Gained mutation: You are very clumsy. (Dex -4) [potion of mutation]
 11801 | D:7      | Killed Duvessa
 11815 | D:7      | Killed Dowan
 11949 | D:7      | Noticed Groucho's ghost (novice SpEn)
 11958 | D:7      | Killed Groucho's ghost
 12146 | D:7      | Found a sacrificial altar of Ru.
 12414 | D:7      | Reached skill level 10 in Unarmed Combat
 12414 | D:7      | Reached XP level 10. HP: 36/58 MP: 8/13
 13025 | D:8      | Your ally Codd died
 13050 | D:7      | HP: 2/58 [wolf (4)]
 13923 | D:8      | Found an oddly glowing altar of Pakellas.
 13923 | D:8      | Found Pakellas's Prime Provisions.
 14079 | D:8      | Reached skill level 5 in Spellcasting
 14370 | D:8      | Noticed Joseph
 14387 | D:8      | Shot with a sling bullet by Joseph

Vault maps used:
D:1:      dpeg_arrival_pits, serial_glass, glass_columns_a, glass_columns_c
D:2:      old_standard_altar, makhleb_grotto_becter
D:3:      lemuel_crystal_altar, uniq_terence
D:4:      led_sif_pool, minmay_temple_entry_mist, first_bread, uniq_menkaure,
          uniq_grinder
D:5:      nemelex_deck, corexii_shack, uniq_crazy_yiuf_cottage
D:6:      overflow_temple_1_default, kennysheep_mini, portal_sewer_entry_f,
          okawaru_gym_becter, uniq_edmund, uniq_prince_ribbit1,
          uniq_blork_the_orc
D:7:      lemuel_round_altar, nicolae_ossuary_entry_ruins, grunt_livestock,
          uniq_duvessa
D:8:      grunt_temple_overflow_open, serial_ice, serial_ice_a, serial_ice_o,
          serial_ice_g, serial_ice_e, serial_ice_j, serial_ice_d, serial_ice_c,
          serial_ice_n, johnstein_pakellas_shop, uniq_joseph
Temple:   nicolae_temple_hex_pool
Sewer:    sewer_co_scattered_pipes
Ossuary:  ossuary_tomb_1

Skill      XL: |  1  2  3  4  5  6  7  8  9 10 |
---------------+-------------------------------+-----
Transmutations | 3 4 6 8 10 | 10.0
Unarmed Combat | 4 5 10 | 10.0
Spellcasting   | 5 |  5.6
Dodging        | 4 |  4.4
Fighting       | |  1.0

Action                   |  1- 3 |  4- 6 |  7- 9 | 10-12 || total
-------------------------+-------+-------+-------+-------++-------
Melee: Unarmed           |    73 |   157 |   484 |   100 ||   814
       Constrict         |    14 |    20 |    52 |    20 ||   106
       Tentacles         |     7 |    13 |    64 |     7 ||    91
       Kick              |     3 |       |       |       ||     3
       Punch             |     1 |     4 |    11 |     5 ||    21
       Dagger            |       |       |    19 |     4 ||    23
 Cast: Beastly Appendage |     4 |       |       |       ||     4
       Spider Form       |       |     7 |    17 |     1 ||    25
       Blade Hands       |       |       |     7 |     8 ||    15
       Ice Form          |       |       |     1 |       ||     1
 Abil: End Transformatio |       |     1 |       |       ||     1
Evoke: Wand              |       |       |     2 |       ||     2
       Deck              |       |       |    13 |       ||    13
  Use: Scroll            |     7 |     4 |     9 |       ||    20
       Potion            |     1 |     4 |    10 |     2 ||    17
 Stab: Sleeping          |     5 |     7 |     9 |     3 ||    24
       Distracted        |       |       |     2 |       ||     2
  Eat: Chunk             |     3 |    10 |    21 |     8 ||    42
       Meat ration       |       |       |     1 |       ||     1
       Bread ration      |       |       |     1 |       ||     1
Armor: Skin              |     5 |    13 |    54 |    15 ||    87
Dodge: Dodged            |    38 |   111 |   244 |    65 ||   458
